 Dungeon Crawl Stone Soup version 0.28-a0-620-g539b0f7ac7 (webtiles) character file.

Game seed: 5355988867102291119

11914 Zenkrye the Grappler (level 11, -1/117 HPs)
             Began as an Ogre Transmuter on Oct 6, 2021.
             Was an Elder of the Shining One.
             Slain by an eight-headed hydra (5 damage)
             ... on level 2 of the Lair of Beasts.
             The game lasted 00:36:20 (13773 turns).

Zenkrye the Grappler (Ogre Transmuter)             Turns: 13773, Time: 00:36:21

Health: -1/117     AC:  5    Str: 16    XL:     11   Next: 85%
Magic:  15/15      EV: 11    Int: 17    God:    the Shining One [****..]
Gold:   706        SH:  0    Dex:  9    Spells: 7/16 levels left

rFire   + . .      SeeInvis .   f - +4 hunting sling {@w2}
rCold   + . .      Faith    .   (no shield)
rNeg    + + .      Spirit   .   r - +0 robe {rC+ rF+}
rPois   .          Reflect  .   (helmet restricted)
rElec   .          Harm     .   o - +1 cloak
rCorr   .          Rampage  .   (gloves unavailable)
Will    +....                   (boots unavailable)
Stlth   +.........              l - amulet of magic regeneration
HPRegen 0.29/turn               (no ring)
MPRegen 0.39/turn               (no ring)

@: hasted, glowing, very quick
A: large, unfitting armour, tough skin 1
a: Renounce Religion, Divine Shield, Cleansing Flame


You were on level 2 of the Lair of Beasts.
You worshipped the Shining One.
The Shining One was greatly pleased with you.
You visited 2 branches of the dungeon, and saw 11 of its levels.

You collected 706 gold pieces.

Inventory:

Hand Weapons
 f - a +4 hunting sling (weapon) {@w2}
Missiles
 d - 323 stones
 g - 45 bolts
 w - 59 sling bullets (quivered ammo)
 x - 2 silver boomerangs
Armour
 a - a +0 robe
 e - a +0 robe of positive energy
 o - a +1 cloak (worn)
 r - a +0 robe of resistance (worn)
 y - a +0 kite shield
 A - +0 steam dragon scales
 B - +0 acid dragon scales
 E - a +2 cloak
Jewellery
 b - an amulet of guardian spirit
 c - a ring of ice
 l - an amulet of magic regeneration (around neck)
Wands
 n - a wand of polymorph (12)
 q - a wand of flame (54)
 t - a wand of mindburst (11)
 v - a wand of digging (4) {@v1}
Scrolls
 i - 5 scrolls of identify {@r1}
 D - a scroll of immolation
Potions
 h - 5 potions of curing {@q1}
 j - 4 potions of attraction
 k - a potion of brilliance
 m - 2 potions of flight
 s - a potion of ambrosia {unknown}
 u - a potion of lignification {unknown}
 z - 2 potions of heal wounds {@q2}


   Skills:
 + Level 10.0 Fighting
 + Level 6.9 Dodging
 * Level 10.1 Unarmed Combat
 - Level 3.0 Spellcasting
 + Level 7.5 Transmutations
 - Level 4.0 Ice Magic
 - Level 2.0 Poison Magic
 + Level 6.0 Invocations


You had 7 spell levels left.
You knew the following spells:

 Your Spells              Type           Power      Damage    Failure   Level
b - Spider Form           Tmut/Pois      9%         N/A       8%          3
c - Ice Form              Ice/Tmut       22%        N/A       16%         4
d - Wereblood             Tmut           28%        N/A       1%          2

Your spell library contained the following spells:

 Spells                   Type           Power      Damage    Failure   Level
 Beastly Appendage        Tmut           56%        N/A       1%          1
 Freeze                   Ice            64%        1d8       3%          1
 Frozen Ramparts          Ice            32%        1d5       10%         3
 Animate Skeleton         Necr           4%         N/A       17%         1
 Pain                     Necr           8%         1d4       17%         1
 Poisonous Vapours        Pois/Air       10%        N/A       17%         2
 Corpse Rot               Necr/Air       N/A        N/A       26%         2
 Dazzling Flash           Conj/Hex       4%         N/A       45%         3
 Vampiric Draining        Necr           1%         2d6       45%         3
 Hailstorm                Conj/Ice       9%         3d4       58%         4
 Agony                    Necr           2%         N/A       99%         5
 Fireball                 Conj/Fire      1%         3d3       99%         5
 Silence                  Hex/Air        1%         N/A       99%         5
 Starburst                Conj/Fire      1%         6d3       100%        6
 Ignition                 Fire           1%         3d3       100%        8


Dungeon Overview and Level Annotations

Branches:
Dungeon (9/15)             Temple (0/1) D:5            Lair (2/6) D:8
  Swamp: Lair:2-4    Shoals: Lair:2-4     Snake: Lair:2-4    Spider: Lair:2-4
    Orc: D:9-12

Altars:
Gozag
Okawaru
Wu Jian
The Shining One

Shops:
D:2 (   D:5 *   D:6 [

Annotations:
D:3 8 runed translucent doors, Grinder; RandomusNamus's ghost, amateur SpCj
D:4 8 runed translucent doors, swinepaste's ghost, amateur SpAK
D:8 Gastronok
D:9 Harold
Lair:2 exclusion: oklob plant


Innate Abilities, Weirdness & Mutations

You are too large for most types of armour.
You have tough skin. (AC +1)


Message History

Your Invocations skill increases to level 6!
You pummel the blink frog!! You freeze the blink frog!
You feel a bit better.
You kill the blink frog!
You start resting.
You warm up again.
Your +4 hunting sling {@w2} unmelds from your body.
Your +1 cloak unmelds from your body.
Your +0 robe of resistance unmelds from your body.
You feel resistant to extremes of temperature.
You howl as the wereblood boils in your veins!
You howl as the wereblood boils in your veins!
Your primal bloodlust is almost over.
Your primal bloodlust has ended.
An eight-headed hydra comes into view.
The eight-headed hydra roars!
Items here: ††††.
You see here a water moccasin corpse.
As you read the scroll labelled NOFOLO DOUDUDI, it crumbles to dust.
The scroll dissolves into smoke.
It was a scroll of fog.
The eight-headed hydra bites you. The eight-headed hydra bites you!
The eight-headed hydra barely misses you.
The eight-headed hydra bites you but does no damage.
The eight-headed hydra bites you!
* * * LOW HITPOINT WARNING * * *
The eight-headed hydra bites you!
* * * LOW HITPOINT WARNING * * *
The eight-headed hydra bites you.
* * * LOW HITPOINT WARNING * * *
The eight-headed hydra barely misses you.
Unknown command.
Okay, then.
You feel yourself speed up.
The eight-headed hydra bites you but does no damage.
The eight-headed hydra closely misses you.
The eight-headed hydra barely misses you.
The eight-headed hydra bites you!
* * * LOW HITPOINT WARNING * * *
The eight-headed hydra bites you but does no damage. x2
The eight-headed hydra bites you.
You die...

..#.##..(.## .#. #.......#
#†...P## ..## ##<†....#
##††...P## ###P#.###.......#
#.#(.#...###.#....##...[...#
######...........# ##......#
#.....P..#..# #......##
##...§.§§§.# #.....<.#
#.###§D§§..####.......##
##.####@§§..#.##....... #.#
##§§...###.......# #.#
#§§....#.......##
#.###.............#
#.####...........# ########
####.####...........
####.P#...###...#.PP#........
..................†..........
.............................


You could see an eight-headed hydra.

Vanquished Creatures
  A death yak (Lair:1)
  A deep elf pyromancer (D:7)
  Joseph (D:7)
  2 black mambas
  Maggie (D:8)
  2 cane toads
  2 komodo dragons
  A hornet (D:7)
  15 blink frogs
  A shadow (D:7)
  12 yaks (Lair:1)
  2 steam dragons (D:7)
  An acid dragon (D:8)
  4 water moccasins
  An orc warrior (D:9)
  A black bear (D:5)
  3 ice beasts (D:7)
  6 centaurs
  An ogre (D:6)
  11 bullfrogs
  A scorpion (D:5)
  A gnoll sergeant (D:7)
  A wyvern skeleton (D:7)
  A water moccasin skeleton (D:5)
  A killer bee (D:7)
  A wight (D:7)
  A howler monkey (D:7)
  3 vampire bats (Lair:1)
  2 hounds
  2 orc priests
  Crazy Yiuf (D:4)
  3 gnoll shamans
  A bullfrog skeleton (D:6)
  A jelly (D:7)
  A centaur skeleton (D:6)
  Jessica (D:3)
  Terence (D:3)
  5 iguanas
  Ijyb (D:3)
  3 orc wizards
  A howler monkey zombie (D:7)
  Robin (D:3)
  12 gnolls
  6 adders
  A shadow imp (D:7)
  A white imp (D:5)
  5 ufetubi
  An adder skeleton (D:5)
  2 worms
  4 dart slugs
  18 orcs
  4 endoplasms
  3 giant cockroaches
  17 goblins
  14 hobgoblins
  11 kobolds
  10 quokkas
  6 ball pythons
  9 bats
  A frilled lizard (D:2)
  7 rats
235 creatures vanquished.

Vanquished Creatures (others)
  10 fungi (D:5)
  5 toadstools (D:3)
15 creatures vanquished.

Grand Total: 250 creatures vanquished

Notes
Turn   | Place    | Note
-------+----------+-------------------------------------------
     0 | D:1      | Zenkrye the Ogre Transmuter began the quest for the Orb.
     0 | D:1      | Reached XP level 1. HP: 19/19 MP: 3/3
    55 | D:1      | Found a faded altar of an unknown god.
   122 | D:1      | Became a worshipper of the Shining One
   122 | D:1      | Reached * piety under the Shining One
   218 | D:1      | Reached XP level 2. HP: 21/28 MP: 3/5
   951 | D:1      | Reached XP level 3. HP: 33/36 MP: 4/6
   955 | D:1      | Learned a level 3 spell: Spider Form
  1904 | D:2      | Reached XP level 4. HP: 44/44 MP: 6/8
  1947 | D:2      | Reached skill level 1 in Poison Magic
  2293 | D:2      | Found an iron altar of Okawaru.
  2697 | D:2      | Found Radoch's Antique Weapon Boutique.
  3156 | D:3      | Learned a level 4 spell: Ice Form
  3164 | D:3      | Noticed Ijyb
  3164 | D:3      | Reached ** piety under the Shining One
  3182 | D:3      | Killed Ijyb
  3183 | D:3      | Reached XP level 5. HP: 45/52 MP: 9/9
  3369 | D:3      | Noticed Terence
  3382 | D:3      | Killed Terence
  3519 | D:3      | Found a large runed translucent door.
  3520 | D:3      | Found a large runed translucent door.
  3520 | D:3      | Found a large runed translucent door.
  3520 | D:3      | Found a large runed translucent door.
  3520 | D:3      | Noticed a vault warden
  3521 | D:3      | Found a large runed translucent door.
  3521 | D:3      | Found a large runed translucent door.
  3521 | D:3      | Noticed RandomusNamus's ghost (amateur SpCj)
  3521 | D:3      | Noticed a vault warden
  3522 | D:3      | Found a large runed translucent door.
  3522 | D:3      | Found a large runed translucent door.
  3606 | D:3      | Noticed Jessica
  3610 | D:3      | Noticed Robin
  3652 | D:3      | Killed Robin
  3892 | D:2      | Learned a level 2 spell: Wereblood
  4007 | D:3      | Killed Jessica
  4141 | D:3      | Noticed Grinder
  4379 | D:4      | Found a large runed translucent door.
  4379 | D:4      | Noticed a vault warden
  4381 | D:4      | Found a large runed translucent door.
  4381 | D:4      | Found a large runed translucent door.
  4381 | D:4      | Noticed a vault warden
  4383 | D:4      | Noticed swinepaste's ghost (amateur SpAK)
  4383 | D:4      | Found a large runed translucent door.
  4383 | D:4      | Found a large runed translucent door.
  4383 | D:4      | Found a large runed translucent door.
  4383 | D:4      | Found a large runed translucent door.
  4383 | D:4      | Found a large runed translucent door.
  4401 | D:4      | Reached XP level 6. HP: 56/61 MP: 8/10
  4559 | D:4      | Found a runed translucent door.
  4560 | D:4      | Noticed Crazy Yiuf
  5323 | D:4      | Found an ornate altar of the Wu Jian Council.
  5374 | D:4      | Found an iron altar of Okawaru.
  5560 | D:4      | Killed Crazy Yiuf
  5600 | D:5      | Entered Level 5 of the Dungeon
  5656 | D:5      | Found Gozag's Platinum Reserve.
  5657 | D:5      | Found an opulent altar of Gozag.
  6025 | D:5      | Reached *** piety under the Shining One
  6381 | D:5      | Reached XP level 7. HP: 43/70 MP: 11/11
  6513 | D:5      | Found a staircase to the Ecumenical Temple.
  7436 | D:6      | Reached skill level 1 in Ice Magic
  7569 | D:6      | Reached skill level 5 in Fighting
  7569 | D:6      | Reached skill level 5 in Unarmed Combat
  7569 | D:6      | Reached XP level 8. HP: 80/80 MP: 9/12
  7596 | D:6      | Found Tyushot's Armour Boutique.
  8634 | D:7      | Reached skill level 1 in Invocations
  8667 | D:7      | Reached XP level 9. HP: 62/89 MP: 13/13
  8819 | D:7      | Reached skill level 5 in Transmutations
  9009 | D:7      | Reached **** piety under the Shining One
  9265 | D:7      | Noticed Joseph
  9275 | D:7      | Killed Joseph
  9552 | D:7      | Noticed a hornet
  9557 | D:7      | Killed a hornet
  9810 | D:7      | Noticed a deep elf pyromancer
  9820 | D:7      | Killed a deep elf pyromancer
  9821 | D:7      | Reached skill level 5 in Dodging
  9821 | D:7      | Reached XP level 10. HP: 102/102 MP: 9/14
 10290 | D:8      | Noticed Gastronok
 10552 | D:8      | Noticed Maggie
 10567 | D:8      | Killed Maggie
 10915 | D:8      | Found a staircase to the Lair.
 11148 | D:9      | Noticed Harold
 11288 | Lair:1   | Entered Level 1 of the Lair of Beasts
 11290 | Lair:1   | Identified the +1 chain mail of Absolutism {rF++ Str-5}
 11430 | Lair:1   | Reached skill level 5 in Invocations
 11800 | Lair:1   | Reached XP level 11. HP: 113/113 MP: 11/15
 12250 | Lair:1   | Noticed a death yak
 12285 | Lair:1   | Killed a death yak
 12812 | Lair:1   | Noticed a death yak
 12812 | Lair:1   | Noticed a death yak
 13337 | Lair:2   | Noticed an oklob plant
 13691 | Lair:2   | Reached skill level 10 in Unarmed Combat
 13710 | Lair:2   | Reached skill level 10 in Fighting
 13760 | Lair:2   | Noticed an eight-headed hydra
 13773 | Lair:2   | HP: 4/117 [eight-headed hydra (9)]
 13773 | Lair:2   | Slain by an eight-headed hydra

Illustrated notes

Levels and vault maps discovered:
D:1:      minmay_arrival_jagged, layout_basic,
          shapermc_ecumenical_altar_totnotflames, serial_corexii_hall,
          corexii_hall_statues_t, corexii_hall_statues_i,
          corexii_hall_statues_i, minivault_4, nrook_uturn, hex_intersection,
          hangedman_decor_growths
D:2:      wad_crossroads, layout_loops_ring, serial_shops, shop_statue,
          basic_altar, minmay_cupped
D:3:      layout_basic, advil_vaults_ghost_lines, minmay_gold_behind_fungi,
          uniq_terence, uniq_jessica, uniq_grinder, uniq_ijyb, uniq_robin
D:4:      layout_basic, mainiacjoe_overflow_large_starburst,
          advil_vaults_ghost_lines, minivault_14, corner_web_ring,
          uniq_crazy_yiuf_cottage
D:5:      layout_loops_ring, nicolae_gozag_zags_fifth_avenue,
          minmay_temple_entry_statues_fountains, serial_aquarium,
          aquarium_bridge_square [aquarium_subvault_wall,
          aquarium_subvault_bridge, aquarium_subvault_wall,
          aquarium_subvault_wall], aquarium_bridge_long_separate
          [aquarium_subvault_wall, aquarium_subvault_wall,
          aquarium_subvault_bridge, aquarium_subvault_bridge,
          aquarium_subvault_window, aquarium_subvault_bridge],
          aquarium_window_fake, aquarium_window_1, aquarium_window_3,
          aquarium_view_2b, aquarium_view_2a, aquarium_balcony_3b,
          aquarium_pool_2
D:6:      layout_rooms, serial_shops, nicolae_lakefront_shop,
          chequers_serial_rivers_room_a
D:7:      wad_guarded_room, layout_basic, uniq_joseph
D:8:      layout_basic, lair_entry_dummy, uniq_maggie, uniq_gastronok
D:9:      minmay_angry_zag, layout_irregular_city, mainiacjoe_overflow_catwalk,
          serial_shops, nicolae_shop_temple_entry_statues_fountains,
          uniq_erolcha, uniq_harold
Lair:1:   layout_cave_pods, roderic_batcave, columned_hall_lemuel,
          infiniplex_staircase_pool
Lair:2:   beast_lair_carwin_large_1, layout_hall_layers,
          minmay_lair_oklob_bushes

Skill      XL: |  1  2  3  4  5  6  7  8  9 10 11 |
---------------+----------------------------------+-----
Fighting       | 2 3 4 5 6 7 8 10 | 10.0
Unarmed Combat | 3 4 5 6 7 8 10 | 10.1
Transmutations | 2 3 4 5 6 7 |  7.5
Poison Magic   | 1 2 |  2.0
Spellcasting   | 3 |  3.0
Dodging        | 2 3 4 5 6 |  6.9
Ice Magic      | 1 2 3 4 |  4.0
Invocations    | 2 4 5 6 |  6.0

Action                   |  1- 3 |  4- 6 |  7- 9 | 10-12 || total
-------------------------+-------+-------+-------+-------++-------
Melee: Unarmed           |    71 |   143 |   149 |   233 ||   596
       Kick              |     6 |     1 |       |       ||     7
       Headbutt          |     4 |       |       |       ||     4
       Bite              |     1 |       |       |       ||     1
 Fire: Hunting sling     |     8 |   145 |    58 |    30 ||   241
 Cast: Beastly Appendage |    17 |     1 |       |       ||    18
       Spider Form       |     2 |    16 |    17 |    19 ||    54
       Wereblood         |       |     3 |    14 |    10 ||    27
       Ice Form          |       |       |     9 |     8 ||    17
Invok: Divine Shield     |       |       |     1 |     1 ||     2
 Abil: End Transformatio |       |     1 |     4 |     1 ||     6
Evoke: Wand              |       |       |     2 |     2 ||     4
  Use: Scroll            |     2 |     6 |     4 |     3 ||    15
       Potion            |       |     4 |       |     1 ||     5
Armor: Robe              |    17 |    29 |     2 |     6 ||    54
       Skin              |       |    54 |    22 |    26 ||   102
Dodge: Dodged            |    33 |   124 |   143 |   187 ||   487
Block: Other             |       |       |     1 |     2 ||     3

Table legend: (Time is in decaauts)
 A = Elapsed time spent in this place.
 B = Non-inter-level travel time spent in this place.
 C = Inter-level travel time spent in this place.
 D = Time resting spent in this place.
 E = Time spent auto-exploring this place.
 F = Levels seen in this place.
 G = Mean time per level.
                   A        B        C        D        E       F      G
               +--------+--------+--------+--------+--------+-----+--------+
         Total |  13733 |  13208 |    525 |    757 |  10316 |  11 | 1248.5 |
       Dungeon |  11274 |  10816 |    458 |    755 |   8362 |   9 | 1252.7 |
          Lair |   2458 |   2391 |     67 |      2 |   1954 |   2 | 1229.0 |
               +--------+--------+--------+--------+--------+-----+--------+

Top non-repeatable levels by time:
  Lair:1: 2019 daAuts
     D:2: 1838 daAuts
     D:7: 1809 daAuts
     D:5: 1720 daAuts
     D:1: 1381 daAuts
     D:4: 1233 daAuts
     D:3: 1136 daAuts
     D:8: 1042 daAuts
     D:6: 930 daAuts
  Lair:2: 439 daAuts
     D:9: 183 daAuts
